Carnivores vs Patriotes
Created - October 18, 2017 at 23:05
Goals
|
Carnivores |
3 |
2 |
1 |
6 |
Patriotes |
2 |
1 |
1 |
4 |
|
Shots
|
Carnivores |
12 |
14 |
9 |
35 |
Patriotes |
11 |
9 |
16 |
36 |
|
1st period
1. Carnivores , Scott Laughton 1 (Jeremy Williams 1, Mat Clark 1) at 0:55 (PP)
2. Carnivores , Chris Lawrence 3 (Jeremy Welsh 2, Markus Granlund 2) at 5:03
3. Patriotes , Andrew Gordon 3 (Dave Steckel 2, Anthony Bitetto 2) at 13:29
4. Patriotes , Andrew Gordon 4 (Aaron Ness 1, Dave Steckel 3) at 15:43
5. Carnivores , Markus Granlund 1 (Adam Pelech 1) at 16:34
Penalties :
Timothy Kunes (Nyc) for Hooking (Minor) at 0:21, Adam Pelech (Bre) for Interference (Minor) at 6:45, Scott Laughton (Bre) for Delaying the game (Minor) at 9:17
2nd period
6. Carnivores , Scott Laughton 2 (Bobby Sanguinetti 2, Jeremy Welsh 3) at 3:35
7. Carnivores , Blake Geoffrion 6 (Scott Laughton 4) at 7:49
8. Patriotes , Matt Calvert 1 (Christian Hanson 3) at 18:26
Penalties :
Ryan Murray (Bre) for Hooking (Minor) at 0:54, Nate Schmidt (Bre) for Roughing (Minor) at 6:00, Anthony Bitetto (Nyc) for Tripping (Minor) at 6:25, Vince Hinostroza (Nyc) for Roughing (Minor) at 11:49, Nicolas Kerdiles (Bre) for Holding (Minor) at 19:19
3rd period
9. Carnivores , Nicolas Kerdiles 1 (Sasha Pokulok 2, Zack Smith 1) at 2:50
10. Patriotes , Ryan Wilson 1 (Timothy Kunes 5) at 16:07
Penalties :
Mat Clark (Bre) for Cross-checking (Minor) at 7:29, Fedor Fedorov (Nyc) for Roughing (Minor) at 12:08, Jeremy Welsh (Bre) for Hooking (Minor) at 12:15, Antti Raanta (Bre) for Slashing (Minor) at 17:41 - Colton Orr served the penalty
Goalie Stats
Antti Raanta (Bre), 32 saves from 36 shots - (0.889), W, 2-0-1, 60:00 minutes
Andrei Vasilevskiy (Nyc), 11 saves from 15 shots - (0.733), 23:35 minutes
Marek Schwarz (Nyc), 18 saves from 20 shots - (0.900), L, 1-2-0, 36:25 minutes
Players Stats for Carnivores
Player Name G A P +/- PIM S H SB GA TA FO MP PP MP PK MP
------------------------------------------------------------------------------------
Adam Pelech 0 1 1 0 2 0 0 0 0 2 0/0 7:44 0:00 1:06
Anton Gustafsson 0 0 0 -3 0 1 0 0 1 1 17/37 24:57 1:26 7:13
Blake Geoffrion 1 0 1 -2 0 2 2 1 1 0 0/2 20:05 1:51 4:09
Bobby Sanguinetti 0 1 1 1 0 4 2 3 0 1 0/0 22:49 1:16 7:41
Brendan Gallagher 0 0 0 -3 0 4 1 2 2 0 0/2 23:33 1:26 7:07
Chris Lawrence 1 0 1 2 0 5 0 0 1 0 0/0 11:16 0:00 0:00
Colton Orr 0 0 0 0 0 0 0 0 0 1 0/1 6:36 0:00 1:27
David Schlemko 0 0 0 1 0 0 0 0 0 1 0/0 6:17 0:00 0:00
Jeremy Welsh 0 2 2 2 2 5 0 0 0 1 0/0 11:57 1:13 0:00
Jeremy Williams 0 1 1 1 0 2 1 0 0 0 0/1 15:13 1:14 3:51
Josh Manson 0 0 0 1 0 0 0 0 0 0 0/0 5:19 0:00 0:24
Mark Jankowski 0 0 0 0 0 0 0 0 0 0 0/0 6:11 0:00 0:18
Mark McNeill 0 0 0 0 0 0 0 0 0 0 0/0 1:43 0:00 0:00
Markus Granlund 1 1 2 0 0 1 0 0 0 0 2/4 5:30 0:00 0:00
Mat Clark 0 1 1 1 2 2 1 0 0 2 0/0 11:05 1:49 0:00
Nate Schmidt 0 0 0 1 2 0 0 1 0 1 0/0 22:01 1:41 7:16
Nicolas Kerdiles 1 0 1 1 2 1 1 0 0 0 0/1 10:51 0:00 0:40
Ryan Murray 0 0 0 -1 2 2 2 1 2 1 0/0 24:49 1:49 3:40
Sasha Pokulok 0 1 1 -2 0 1 2 0 1 1 0/0 22:33 0:00 4:45
Scott Laughton 2 1 3 3 2 3 1 0 0 0 5/9 13:43 1:39 0:07
Zack Smith 0 1 1 1 0 2 0 0 1 0 4/14 9:49 0:00 0:00
Players Stats for Patriotes
Player Name G A P +/- PIM S H SB GA TA FO MP PP MP PK MP
------------------------------------------------------------------------------------
Aaron Ness 0 1 1 -1 0 0 0 1 0 0 0/0 8:37 0:00 0:34
Alex Petrovic 0 0 0 -2 0 1 1 0 0 0 0/0 9:15 0:00 0:25
Andrew Gordon 2 0 2 3 0 7 0 1 0 2 2/2 24:55 7:08 1:37
Anthony Bitetto 0 1 1 0 2 2 1 1 1 0 0/0 19:36 4:42 0:33
Christian Hanson 0 1 1 0 0 0 3 1 1 1 4/10 17:52 4:44 1:07
Dave Steckel 0 2 2 3 0 4 2 0 1 1 26/41 24:55 7:08 1:37
David Kolomatis 0 0 0 -1 0 1 1 0 1 2 0/0 20:14 4:43 0:58
Fedor Fedorov 0 0 0 2 2 4 2 0 1 0 1/2 23:29 7:16 1:27
Jared Knight 0 0 0 -1 0 0 0 0 1 0 0/2 5:05 0:00 0:00
Justin Florek 0 0 0 -3 0 1 2 0 0 0 0/1 11:57 0:23 0:21
Lauri Tukonen 0 0 0 1 0 1 1 1 0 0 1/2 15:28 4:44 0:00
Matt Calvert 1 0 1 1 0 1 3 0 0 0 2/2 15:39 4:44 0:01
Riley Barber 0 0 0 0 0 0 0 0 0 0 0/0 1:13 0:28 0:00
Ryan Wilson 1 0 1 1 0 6 1 1 1 0 0/0 31:43 7:43 2:07
Scott Glennie 0 0 0 -1 0 0 1 0 0 0 1/1 5:21 0:16 0:00
Timothy Kunes 0 1 1 1 2 3 3 2 1 1 0/0 31:08 7:43 1:33
Vince Hinostroza 0 0 0 -1 2 0 0 0 0 0 0/0 5:14 0:00 0:00
Zach Budish 0 0 0 -3 0 0 0 2 1 0 1/1 10:29 0:00 0:00
Zenon Konopka 0 0 0 -3 0 5 1 1 3 2 5/7 11:15 0:27 0:00
3 Stars
1 - Scott Laughton (Bre)
2 - Andrew Gordon (Nyc)
3 - Dave Steckel (Nyc)
Power Play
Carnivores - 1 on 4 Attempt(s) - 25.00%
Patriotes - 0 on 8 Attempt(s) - 0.00%
Penalty Kill
Carnivores - 8 on 8 Attempt(s) - 100.00%
- Score 0 goal in Penalty Kill
Patriotes - 3 on 4 Attempt(s) - 75.00%
- Score 0 goal in Penalty Kill
Team Stat
Carnivores - Hits : 13 - Faceoff Wins : 28 - Blocked Shots : 8 - Penalty Minutes : 16
Patriotes - Hits : 22 - Faceoff Wins : 43 - Blocked Shots : 11 - Penalty Minutes : 8
Official
Referees : Rehman Kyle and Morton Dean
Linesman : Dan Schachte and Mike Cvik
Game Notes
Marek Schwarz enters game at 3:35 of 2nd period
Mark McNeill is injured at 4:46 of 2nd period (Back Spasms)
Finance
Level 1 -- Attendance: 1604 (80.20%) -- Ticket Income $64,160
Level 2 -- Attendance: 803 (80.30%) -- Ticket Income $16,060
Total Attendance: 2407 (80.23%)
Total Ticket Income: $80,220
Other Income: $4,011
Total Income: $84,231
Carnivores
5 vs 5 Forward
Center Left Wing Right Wing Time % Phy DF OF
1 Anton Gustafsson Blake Geoffrion Brendan Gallagher 40 1 2 2
2 Scott Laughton Jeremy Welsh Chris Lawrence 30 1 2 2
3 Zack Smith Nicolas Kerdiles Jeremy Williams 20 1 2 2
4 Markus Granlund Mark Jankowski Mark McNeill 10 1 2 2
5 vs 5 Defense
Defense Defense Time % Phy DF OF
1 Sasha Pokulok Ryan Murray 40 1 2 2
2 Nate Schmidt Bobby Sanguinetti 30 1 2 2
3 Adam Pelech Mat Clark 20 1 2 2
4 Josh Manson David Schlemko 10 1 2 2
PowerPlay Forward
Center Left Wing Right Wing Time % Phy DF OF
1 Anton Gustafsson Blake Geoffrion Brendan Gallagher 60 1 2 2
2 Scott Laughton Jeremy Welsh Jeremy Williams 40 1 2 2
PowerPlay Defense
Defense Defense Time % Phy DF OF
1 Ryan Murray Mat Clark 60 1 2 2
2 Nate Schmidt Bobby Sanguinetti 40 1 2 2
Penalty Kill 4 Players Forward
Center Wing Time % Phy DF OF
1 Anton Gustafsson Brendan Gallagher 60 1 2 2
2 Jeremy Williams Blake Geoffrion 40 1 2 2
Penalty Kill 4 Players Defense
Defense Defense Time % Phy DF OF
1 Bobby Sanguinetti Nate Schmidt 60 1 2 2
2 Ryan Murray Sasha Pokulok 40 1 2 2
Penalty Kill - 3 Players Forward
Forward Time % Phy DF OF
1 Anton Gustafsson 60 1 2 2
2 Brendan Gallagher 40 1 2 2
Penalty Kill - 3 Players Defense
Defense Defense Time % Phy DF OF
1 Bobby Sanguinetti Nate Schmidt 60 1 2 2
2 Ryan Murray Sasha Pokulok 40 1 2 2
4 vs 4 Forward
Center Wing Time % Phy DF OF
1 Anton Gustafsson Brendan Gallagher 60 1 2 2
2 Scott Laughton Blake Geoffrion 40 1 2 2
4 vs 4 Defense
Defense Defense Time % Phy DF OF
1 Bobby Sanguinetti Nate Schmidt 60 1 2 2
2 Ryan Murray Mat Clark 40 1 2 2
Last Minutes Offensive
Center Left Wing Right Wing Defense Defense
Scott Laughton Blake Geoffrion Brendan Gallagher Sasha Pokulok Nate Schmidt
Last Minutes Defensive
Center Left Wing Right Wing Defense Defense
Anton Gustafsson Blake Geoffrion Brendan Gallagher Sasha Pokulok Nate Schmidt
Goaltenders
Starting : Antti Raanta
Backup : Daniel Altshuller
Extra Forwards
Normal : Colton Orr, Mark Jankowski, Mark McNeill - PP : Mark Jankowski, Colton Orr - PK : Colton Orr
Extra Defensemen
Normal : David Schlemko, Adam Pelech, Josh Manson - PP : David Schlemko - PK : Adam Pelech, Josh Manson
Penalty Shots
Anton Gustafsson, Brendan Gallagher, Blake Geoffrion, Scott Laughton, Chris Lawrence
Scratches
Mark McNeill (Back Spasms Injury), Mattias Backman (Healthy), Adam Almquist (Healthy), Stanislav Galiev (Healthy), Mark MacMillan (Healthy)
Tyler Graovac (Healthy), Patrick McNeill (Healthy), Troy Bourke (Healthy), Alexandre Mallet (Healthy), Michael Schumacher (Healthy)
Frederic St-Denis (Healthy)
Patriotes
5 vs 5 Forward
Center Left Wing Right Wing Time % Phy DF OF
1 Dave Steckel Fedor Fedorov Andrew Gordon 40 1 2 2
2 Christian Hanson Matt Calvert Lauri Tukonen 30 1 2 2
3 Zenon Konopka Justin Florek Zach Budish 20 1 2 2
4 Jared Knight Vince Hinostroza Scott Glennie 10 1 2 2
5 vs 5 Defense
Defense Defense Time % Phy DF OF
1 Ryan Wilson Timothy Kunes 40 1 2 2
2 Anthony Bitetto David Kolomatis 30 1 2 2
3 Alex Petrovic Aaron Ness 20 1 2 2
4 Ryan Wilson Timothy Kunes 10 1 2 2
PowerPlay Forward
Center Left Wing Right Wing Time % Phy DF OF
1 Dave Steckel Fedor Fedorov Andrew Gordon 60 1 2 2
2 Christian Hanson Matt Calvert Lauri Tukonen 40 1 2 2
PowerPlay Defense
Defense Defense Time % Phy DF OF
1 Ryan Wilson Timothy Kunes 60 1 2 2
2 Anthony Bitetto David Kolomatis 40 1 2 2
Penalty Kill 4 Players Forward
Center Wing Time % Phy DF OF
1 Dave Steckel Andrew Gordon 60 1 2 2
2 Christian Hanson Fedor Fedorov 40 1 2 2
Penalty Kill 4 Players Defense
Defense Defense Time % Phy DF OF
1 Ryan Wilson Timothy Kunes 60 1 2 2
2 Anthony Bitetto David Kolomatis 40 1 2 2
Penalty Kill - 3 Players Forward
Forward Time % Phy DF OF
1 Dave Steckel 60 1 2 2
2 Andrew Gordon 40 1 2 2
Penalty Kill - 3 Players Defense
Defense Defense Time % Phy DF OF
1 Ryan Wilson Timothy Kunes 60 1 2 2
2 Anthony Bitetto David Kolomatis 40 1 2 2
4 vs 4 Forward
Center Wing Time % Phy DF OF
1 Dave Steckel Andrew Gordon 60 1 2 2
2 Christian Hanson Fedor Fedorov 40 1 2 2
4 vs 4 Defense
Defense Defense Time % Phy DF OF
1 Ryan Wilson Timothy Kunes 60 1 2 2
2 Anthony Bitetto David Kolomatis 40 1 2 2
Last Minutes Offensive
Center Left Wing Right Wing Defense Defense
Dave Steckel Fedor Fedorov Andrew Gordon Ryan Wilson Timothy Kunes
Last Minutes Defensive
Center Left Wing Right Wing Defense Defense
Dave Steckel Fedor Fedorov Andrew Gordon Ryan Wilson Timothy Kunes
Goaltenders
Starting : Andrei Vasilevskiy
Backup : Marek Schwarz
Extra Forwards
Normal : Riley Barber, Zenon Konopka, Justin Florek - PP : Riley Barber, Zenon Konopka - PK : Justin Florek
Extra Defensemen
Normal : Alex Petrovic, Aaron Ness, Anthony Bitetto - PP : Alex Petrovic - PK : Aaron Ness, Anthony Bitetto
Penalty Shots
Dave Steckel, Andrew Gordon, Christian Hanson, Fedor Fedorov, Zenon Konopka
Scratches
Robert Baillargeon (Lower Body Injury), Austin Watson (Healthy), Robbie Russo (Sprained Right Ankle Injury), Phil McRae (Healthy), Phoenix Copley (Healthy)
% Time on Ice - Carnivores
Lines # - Real PCT - Wanted PCT - Time Play
Normal Forward
1 - 34% - 40% - 14:06
2 - 28% - 30% - 11:38
3 - 24% - 20% - 9:49
4 - 13% - 10% - 5:30
Normal Defense
1 - 43% - 40% - 17:45
2 - 30% - 30% - 12:09
3 - 15% - 20% - 6:14
4 - 12% - 10% - 4:55
PP Forward
1 - 46% - 60% - 1:26
2 - 54% - 40% - 1:39
PP Defense
1 - 45% - 60% - 1:24
2 - 55% - 40% - 1:41
PK Forward
1 - 68% - 60% - 8:28
2 - 32% - 40% - 3:58
PK Defense
1 - 62% - 60% - 7:41
2 - 38% - 40% - 4:45
PK3 Forward
1 - 0% - 60%
2 - 0% - 40%
PK3 Defense
1 - 0% - 60%
2 - 0% - 40%
44 Forward
1 - 81% - 60% - 2:47
2 - 19% - 40% - 0:39
44 Defense
1 - 68% - 60% - 2:21
2 - 32% - 40% - 1:05
Last Minute Offensive - 0:00
Last Minute Defensive - 0:00
Total
Forward - 60:00
Defense - 60:00
|
% Time on Ice - Patriotes
Lines # - Real PCT - Wanted PCT - Time Play
Normal Forward
1 - 35% - 40% - 14:10
2 - 28% - 30% - 11:19
3 - 26% - 20% - 10:29
4 - 12% - 10% - 5:05
Normal Defense
1 - 44% - 40% - 18:02
2 - 33% - 30% - 13:39
3 - 20% - 20% - 8:03
4 - 3% - 10% - 1:19
PP Forward
1 - 60% - 60% - 7:26
2 - 40% - 40% - 5:00
PP Defense
1 - 62% - 60% - 7:43
2 - 38% - 40% - 4:43
PK Forward
1 - 74% - 60% - 2:16
2 - 26% - 40% - 0:49
PK Defense
1 - 69% - 60% - 2:07
2 - 31% - 40% - 0:58
PK3 Forward
1 - 0% - 60%
2 - 0% - 40%
PK3 Defense
1 - 0% - 60%
2 - 0% - 40%
44 Forward
1 - 80% - 60% - 2:44
2 - 20% - 40% - 0:42
44 Defense
1 - 74% - 60% - 2:32
2 - 26% - 40% - 0:54
Last Minute Offensive - 0:00
Last Minute Defensive - 0:00
Total
Forward - 60:00
Defense - 60:00
|
Play by Play
1st period
0:01 of 1st period - Dave Steckel wins face-off versus Anton Gustafsson in neutral zone.
0:21 of 1st period - Minor Penalty to Timothy Kunes for Hooking.
0:22 of 1st period - Anton Gustafsson wins face-off versus Dave Steckel in Patriotes zone.
0:55 of 1st period - Snap shot by Jeremy Williams.
0:55 of 1st period - Deflect By Scott Laughton.
0:55 of 1st period - Goal by Scott Laughton - Carnivores : 1 - Patriotes : 0.
0:56 of 1st period - Matt Calvert wins face-off versus Scott Laughton in neutral zone.
1:40 of 1st period - Icing by Nate Schmidt.
1:41 of 1st period - Zenon Konopka wins face-off versus Scott Laughton in Carnivores zone.
2:11 of 1st period - Slapshot by Jeremy Welsh.
2:11 of 1st period - Stopped by Andrei Vasilevskiy without a rebound.
2:12 of 1st period - Scott Glennie wins face-off versus Anton Gustafsson in Patriotes zone.
2:37 of 1st period - Ryan Murray is hit by Matt Calvert and loses puck.
2:56 of 1st period - Wrist shot by Andrew Gordon.
2:56 of 1st period - Deflect By Fedor Fedorov.
2:56 of 1st period - Stopped by Antti Raanta with a rebound.
3:00 of 1st period - Wrist shot by Andrew Gordon.
3:00 of 1st period - Stopped by Antti Raanta without a rebound.
3:01 of 1st period - Andrew Gordon wins face-off versus Brendan Gallagher in Carnivores zone.
4:13 of 1st period - Wrist shot by Chris Lawrence.
4:13 of 1st period - Stopped by Andrei Vasilevskiy without a rebound.
4:14 of 1st period - Dave Steckel wins face-off versus Anton Gustafsson in Patriotes zone.
4:39 of 1st period - Mat Clark is hit by Christian Hanson.
4:45 of 1st period - Wrist shot by Jeremy Williams.
4:45 of 1st period - Stopped by Andrei Vasilevskiy with a rebound.
4:47 of 1st period - Snap shot by Bobby Sanguinetti.
4:47 of 1st period - Shot Blocked by Aaron Ness.
4:49 of 1st period - Slapshot by Bobby Sanguinetti.
4:49 of 1st period - Shot Misses the Net.
5:03 of 1st period - Slapshot by Chris Lawrence.
5:03 of 1st period - Goal by Chris Lawrence - Carnivores : 2 - Patriotes : 0.
5:04 of 1st period - Dave Steckel wins face-off versus Blake Geoffrion in neutral zone.
5:13 of 1st period - Snap shot by Dave Steckel.
5:13 of 1st period - Stopped by Antti Raanta without a rebound.
5:14 of 1st period - Anton Gustafsson wins face-off versus Dave Steckel in Carnivores zone.
6:03 of 1st period - Slapshot by Blake Geoffrion.
6:03 of 1st period - Shot Blocked by Andrew Gordon.
6:05 of 1st period - Snap shot by Brendan Gallagher.
6:05 of 1st period - Shot Misses the Net.
6:07 of 1st period - Snap shot by Brendan Gallagher.
6:07 of 1st period - Stopped by Andrei Vasilevskiy without a rebound.
6:08 of 1st period - Christian Hanson wins face-off versus Zack Smith in Patriotes zone.
6:43 of 1st period - Wrist shot by Justin Florek.
6:43 of 1st period - Shot Misses the Net.
6:45 of 1st period - Minor Penalty to Adam Pelech for Interference.
6:46 of 1st period - Dave Steckel wins face-off versus Anton Gustafsson in Carnivores zone.
7:02 of 1st period - Icing by Ryan Wilson.
7:03 of 1st period - Anton Gustafsson wins face-off versus Dave Steckel in Patriotes zone.
7:04 of 1st period - Snap shot by Brendan Gallagher.
7:04 of 1st period - Stopped by Andrei Vasilevskiy with a rebound.
7:42 of 1st period - Wrist shot by Andrew Gordon.
7:42 of 1st period - Stopped by Antti Raanta with a rebound.
7:44 of 1st period - Snap shot by Andrew Gordon.
7:44 of 1st period - Shot Blocked by Blake Geoffrion.
7:46 of 1st period - Snap shot by Fedor Fedorov.
7:46 of 1st period - Stopped by Antti Raanta with a rebound.
8:40 of 1st period - Slapshot by Andrew Gordon.
8:40 of 1st period - Stopped by Antti Raanta without a rebound.
8:41 of 1st period - Anton Gustafsson wins face-off versus Christian Hanson in Carnivores zone.
8:45 of 1st period - Penalty to Adam Pelech is over, Adam Pelech is back on ice.
9:06 of 1st period - Slapshot by Anton Gustafsson.
9:06 of 1st period - Stopped by Andrei Vasilevskiy without a rebound.
9:07 of 1st period - Scott Laughton wins face-off versus Justin Florek in Patriotes zone.
9:17 of 1st period - Minor Penalty to Scott Laughton for Delaying the game.
9:18 of 1st period - Christian Hanson wins face-off versus Anton Gustafsson in Carnivores zone.
9:22 of 1st period - Snap shot by Matt Calvert.
9:22 of 1st period - Shot Blocked by Bobby Sanguinetti.
10:42 of 1st period - Fedor Fedorov is hit by Bobby Sanguinetti.
11:16 of 1st period - Icing by Zenon Konopka.
11:17 of 1st period - Penalty to Scott Laughton is over, Scott Laughton is back on ice.
11:17 of 1st period - Zenon Konopka wins face-off versus Scott Laughton in Patriotes zone.
11:26 of 1st period - Snap shot by Jeremy Welsh.
11:26 of 1st period - Shot Misses the Net.
11:28 of 1st period - Snap shot by Mat Clark.
11:28 of 1st period - Shot Misses the Net.
11:30 of 1st period - Wrist shot by Scott Laughton.
11:30 of 1st period - Stopped by Andrei Vasilevskiy with a rebound.
11:32 of 1st period - Snap shot by Jeremy Welsh.
11:32 of 1st period - Stopped by Andrei Vasilevskiy without a rebound.
11:33 of 1st period - Lauri Tukonen wins face-off versus Anton Gustafsson in Patriotes zone.
11:33 of 1st period - Lauri Tukonen is hit by Ryan Murray.
12:00 of 1st period - Scott Laughton is hit by Dave Steckel and loses puck.
12:22 of 1st period - Icing by Jeremy Williams.
12:23 of 1st period - Dave Steckel wins face-off versus Nicolas Kerdiles in Carnivores zone.
13:13 of 1st period - Snap shot by Jeremy Welsh.
13:13 of 1st period - Shot Misses the Net.
13:15 of 1st period - Wrist shot by Jeremy Welsh.
13:15 of 1st period - Deflect By Scott Laughton.
13:15 of 1st period - Shot Misses the Net.
13:15 of 1st period - Puck is out of play.
13:16 of 1st period - Anton Gustafsson wins face-off versus Dave Steckel in Patriotes zone.
13:17 of 1st period - Slapshot by Blake Geoffrion.
13:17 of 1st period - Shot Misses the Net.
13:29 of 1st period - Slapshot by Andrew Gordon.
13:29 of 1st period - Goal by Andrew Gordon - Carnivores : 2 - Patriotes : 1.
13:30 of 1st period - Dave Steckel wins face-off versus Anton Gustafsson in neutral zone.
13:34 of 1st period - Off-side.
13:35 of 1st period - Anton Gustafsson wins face-off versus Dave Steckel in neutral zone.
13:47 of 1st period - Snap shot by Dave Steckel.
13:47 of 1st period - Shot Misses the Net.
13:49 of 1st period - Wrist shot by Fedor Fedorov.
13:49 of 1st period - Shot Blocked by Bobby Sanguinetti.
13:51 of 1st period - Slapshot by Timothy Kunes.
13:51 of 1st period - Stopped by Antti Raanta with a rebound.
14:25 of 1st period - Wrist shot by Anthony Bitetto.
14:25 of 1st period - Stopped by Antti Raanta without a rebound.
14:26 of 1st period - Dave Steckel wins face-off versus Zack Smith in Carnivores zone.
14:51 of 1st period - Anton Gustafsson is hit by Christian Hanson and loses puck.
15:41 of 1st period - Slapshot by Dave Steckel.
15:41 of 1st period - Shot Misses the Net.
15:43 of 1st period - Slapshot by Aaron Ness.
15:43 of 1st period - Deflect By Andrew Gordon.
15:43 of 1st period - Goal by Andrew Gordon - Carnivores : 2 - Patriotes : 2.
15:44 of 1st period - Anton Gustafsson wins face-off versus Dave Steckel in neutral zone.
15:52 of 1st period - Snap shot by Dave Steckel.
15:52 of 1st period - Shot Blocked by Brendan Gallagher.
15:54 of 1st period - Slapshot by Timothy Kunes.
15:54 of 1st period - Shot Blocked by Nate Schmidt.
16:34 of 1st period - Snap shot by Markus Granlund.
16:34 of 1st period - Goal by Markus Granlund - Carnivores : 3 - Patriotes : 2.
16:35 of 1st period - Fedor Fedorov wins face-off versus Anton Gustafsson in neutral zone.
16:47 of 1st period - Slapshot by Dave Steckel.
16:47 of 1st period - Stopped by Antti Raanta with a rebound.
16:49 of 1st period - Slapshot by Timothy Kunes.
16:49 of 1st period - Shot Misses the Net.
16:51 of 1st period - Wrist shot by Andrew Gordon.
16:51 of 1st period - Deflect By Fedor Fedorov.
16:51 of 1st period - Shot Misses the Net.
16:51 of 1st period - Puck is out of play.
16:52 of 1st period - Christian Hanson wins face-off versus Zack Smith in Carnivores zone.
17:44 of 1st period - Sasha Pokulok is hit by Anthony Bitetto and loses puck.
18:46 of 1st period - Dave Steckel is hit by Blake Geoffrion and loses puck.
18:57 of 1st period - Wrist shot by Brendan Gallagher.
18:57 of 1st period - Stopped by Andrei Vasilevskiy with a rebound.
Goals for this period are 3 for Carnivores vs 2 for Patriotes.
Shots for this period are 12 for Carnivores vs 11 for Patriotes.
2nd period
0:01 of 2nd period - Dave Steckel wins face-off versus Blake Geoffrion in neutral zone.
0:50 of 2nd period - Slapshot by Ryan Wilson.
0:50 of 2nd period - Stopped by Antti Raanta without a rebound.
0:51 of 2nd period - Anton Gustafsson wins face-off versus Dave Steckel in Carnivores zone.
0:51 of 2nd period - Anton Gustafsson is hit by Fedor Fedorov.
0:54 of 2nd period - Minor Penalty to Ryan Murray for Hooking.
0:55 of 2nd period - Dave Steckel wins face-off versus Anton Gustafsson in Carnivores zone.
1:27 of 2nd period - Slapshot by Fedor Fedorov.
1:27 of 2nd period - Stopped by Antti Raanta without a rebound.
1:28 of 2nd period - Christian Hanson wins face-off versus Jeremy Williams in Carnivores zone.
2:54 of 2nd period - Penalty to Ryan Murray is over, Ryan Murray is back on ice.
3:07 of 2nd period - Snap shot by Jeremy Welsh.
3:07 of 2nd period - Stopped by Andrei Vasilevskiy without a rebound.
3:08 of 2nd period - Zenon Konopka wins face-off versus Zack Smith in Patriotes zone.
3:33 of 2nd period - Wrist shot by Jeremy Welsh.
3:33 of 2nd period - Stopped by Andrei Vasilevskiy with a rebound.
3:35 of 2nd period - Snap shot by Bobby Sanguinetti.
3:35 of 2nd period - Deflect By Scott Laughton.
3:35 of 2nd period - Goal by Scott Laughton - Carnivores : 4 - Patriotes : 2.
3:35 of 2nd period - Marek Schwarz enters game.
3:36 of 2nd period - Anton Gustafsson wins face-off versus Dave Steckel in neutral zone.
4:24 of 2nd period - Jeremy Williams is hit by Timothy Kunes and loses puck.
4:45 of 2nd period - Mark McNeill is hit by Scott Glennie and loses puck.
4:46 of 2nd period - Mark McNeill from Carnivores is injured at 4:46 of 2nd period (Back Spasms).
4:47 of 2nd period - Dave Steckel wins face-off versus Anton Gustafsson in Carnivores zone.
4:47 of 2nd period - Ryan Wilson is hit by Blake Geoffrion and loses puck.
5:12 of 2nd period - Jeremy Welsh is hit by Lauri Tukonen and loses puck.
5:33 of 2nd period - Jeremy Williams is hit by Timothy Kunes and loses puck.
5:40 of 2nd period - Justin Florek is hit by Nicolas Kerdiles and loses puck.
5:54 of 2nd period - Ryan Wilson is hit by Brendan Gallagher and loses puck.
6:00 of 2nd period - Minor Penalty to Nate Schmidt for Roughing.
6:01 of 2nd period - Anton Gustafsson wins face-off versus Dave Steckel in Carnivores zone.
6:15 of 2nd period - Anton Gustafsson is hit by Dave Steckel and loses puck.
6:25 of 2nd period - Minor Penalty to Anthony Bitetto for Tripping.
6:26 of 2nd period - Dave Steckel wins face-off versus Anton Gustafsson in Patriotes zone.
6:59 of 2nd period - Slapshot by Ryan Wilson.
6:59 of 2nd period - Shot Blocked by Bobby Sanguinetti.
7:35 of 2nd period - Slapshot by Andrew Gordon.
7:35 of 2nd period - Shot Misses the Net.
7:41 of 2nd period - Snap shot by Brendan Gallagher.
7:41 of 2nd period - Stopped by Marek Schwarz with a rebound.
7:43 of 2nd period - Wrist shot by Bobby Sanguinetti.
7:43 of 2nd period - Stopped by Marek Schwarz with a rebound.
7:45 of 2nd period - Slapshot by Bobby Sanguinetti.
7:45 of 2nd period - Shot Misses the Net.
7:47 of 2nd period - Slapshot by Bobby Sanguinetti.
7:47 of 2nd period - Deflect By Andrew Gordon.
7:47 of 2nd period - Stopped by Marek Schwarz without a rebound.
7:48 of 2nd period - Scott Laughton wins face-off versus Christian Hanson in Patriotes zone.
7:49 of 2nd period - Wrist shot by Blake Geoffrion.
7:49 of 2nd period - Goal by Blake Geoffrion - Carnivores : 5 - Patriotes : 2.
7:50 of 2nd period - Scott Laughton wins face-off versus Christian Hanson in neutral zone.
8:00 of 2nd period - Penalty to Nate Schmidt is over, Nate Schmidt is back on ice.
8:25 of 2nd period - Penalty to Anthony Bitetto is over, Anthony Bitetto is back on ice.
8:59 of 2nd period - Snap shot by Fedor Fedorov.
8:59 of 2nd period - Stopped by Antti Raanta without a rebound.
9:00 of 2nd period - Zack Smith wins face-off versus Zenon Konopka in Carnivores zone.
9:07 of 2nd period - Wrist shot by Zack Smith.
9:07 of 2nd period - Stopped by Marek Schwarz with a rebound.
9:13 of 2nd period - Slapshot by Zenon Konopka.
9:13 of 2nd period - Stopped by Antti Raanta without a rebound.
9:14 of 2nd period - Markus Granlund wins face-off versus Jared Knight in Carnivores zone.
9:14 of 2nd period - Markus Granlund is hit by Timothy Kunes.
9:28 of 2nd period - Wrist shot by Timothy Kunes.
9:28 of 2nd period - Stopped by Antti Raanta with a rebound.
9:30 of 2nd period - Slapshot by Ryan Wilson.
9:30 of 2nd period - Stopped by Antti Raanta with a rebound.
9:50 of 2nd period - Slapshot by Jeremy Williams.
9:50 of 2nd period - Shot Blocked by Timothy Kunes.
10:40 of 2nd period - Slapshot by David Kolomatis.
10:40 of 2nd period - Stopped by Antti Raanta with a rebound.
10:50 of 2nd period - Slapshot by Sasha Pokulok.
10:50 of 2nd period - Shot Blocked by Anthony Bitetto.
11:49 of 2nd period - Minor Penalty to Vince Hinostroza for Roughing.
11:50 of 2nd period - Dave Steckel wins face-off versus Anton Gustafsson in Patriotes zone.
11:59 of 2nd period - Wrist shot by Brendan Gallagher.
11:59 of 2nd period - Shot Misses the Net.
12:01 of 2nd period - Slapshot by Bobby Sanguinetti.
12:01 of 2nd period - Stopped by Marek Schwarz without a rebound.
12:02 of 2nd period - Dave Steckel wins face-off versus Anton Gustafsson in Patriotes zone.
13:31 of 2nd period - Timothy Kunes is hit by Jeremy Williams and loses puck.
13:49 of 2nd period - Penalty to Vince Hinostroza is over, Vince Hinostroza is back on ice.
13:58 of 2nd period - Wrist shot by Bobby Sanguinetti.
13:58 of 2nd period - Stopped by Marek Schwarz without a rebound.
13:59 of 2nd period - Matt Calvert wins face-off versus Markus Granlund in Patriotes zone.
14:12 of 2nd period - Mark Jankowski is hit by Matt Calvert and loses puck.
14:23 of 2nd period - Jared Knight is hit by Sasha Pokulok and loses puck.
14:38 of 2nd period - Snap shot by Chris Lawrence.
14:38 of 2nd period - Stopped by Marek Schwarz with a rebound.
15:44 of 2nd period - Wrist shot by Lauri Tukonen.
15:44 of 2nd period - Stopped by Antti Raanta without a rebound.
15:45 of 2nd period - Anton Gustafsson wins face-off versus Dave Steckel in Carnivores zone.
15:56 of 2nd period - Snap shot by Brendan Gallagher.
15:56 of 2nd period - Shot Misses the Net.
15:58 of 2nd period - Snap shot by Sasha Pokulok.
15:58 of 2nd period - Stopped by Marek Schwarz with a rebound.
16:10 of 2nd period - Ryan Wilson is hit by Scott Laughton and loses puck.
16:39 of 2nd period - Zack Smith is hit by Justin Florek and loses puck.
17:04 of 2nd period - Wrist shot by Anthony Bitetto.
17:04 of 2nd period - Shot Misses the Net.
17:15 of 2nd period - Off-side.
17:16 of 2nd period - Dave Steckel wins face-off versus Anton Gustafsson in neutral zone.
17:52 of 2nd period - Slapshot by Jeremy Welsh.
17:52 of 2nd period - Stopped by Marek Schwarz without a rebound.
17:53 of 2nd period - Andrew Gordon wins face-off versus Zack Smith in Patriotes zone.
18:26 of 2nd period - Wrist shot by Matt Calvert.
18:26 of 2nd period - Goal by Matt Calvert - Carnivores : 5 - Patriotes : 3.
18:27 of 2nd period - Dave Steckel wins face-off versus Anton Gustafsson in neutral zone.
19:04 of 2nd period - Slapshot by Ryan Murray.
19:04 of 2nd period - Stopped by Marek Schwarz with a rebound.
19:06 of 2nd period - Slapshot by Sasha Pokulok.
19:06 of 2nd period - Shot Blocked by Lauri Tukonen.
19:19 of 2nd period - Minor Penalty to Nicolas Kerdiles for Holding.
19:20 of 2nd period - Dave Steckel wins face-off versus Anton Gustafsson in Carnivores zone.
19:35 of 2nd period - Snap shot by Anton Gustafsson.
19:35 of 2nd period - Shot Blocked by Timothy Kunes.
19:47 of 2nd period - Brendan Gallagher is hit by Matt Calvert and loses puck.
Goals for this period are 2 for Carnivores vs 1 for Patriotes.
Shots for this period are 14 for Carnivores vs 9 for Patriotes.
3rd period
0:01 of 3rd period - Anton Gustafsson wins face-off versus Dave Steckel in neutral zone.
1:07 of 3rd period - Off-side.
1:08 of 3rd period - Dave Steckel wins face-off versus Colton Orr in neutral zone.
1:19 of 3rd period - Penalty to Nicolas Kerdiles is over, Nicolas Kerdiles is back on ice.
1:25 of 3rd period - Sasha Pokulok is hit by Ryan Wilson.
1:31 of 3rd period - Slapshot by Ryan Murray.
1:31 of 3rd period - Stopped by Marek Schwarz with a rebound.
1:33 of 3rd period - Snap shot by Jeremy Welsh.
1:33 of 3rd period - Shot Misses the Net.
1:35 of 3rd period - Wrist shot by Chris Lawrence.
1:35 of 3rd period - Deflect By Timothy Kunes.
1:35 of 3rd period - Stopped by Marek Schwarz without a rebound.
1:36 of 3rd period - Zack Smith wins face-off versus Dave Steckel in Patriotes zone.
1:51 of 3rd period - Slapshot by Anthony Bitetto.
1:51 of 3rd period - Deflect By Jeremy Williams.
1:51 of 3rd period - Stopped by Antti Raanta without a rebound.
1:52 of 3rd period - Anton Gustafsson wins face-off versus Christian Hanson in Carnivores zone.
2:30 of 3rd period - Wrist shot by Andrew Gordon.
2:30 of 3rd period - Stopped by Antti Raanta with a rebound.
2:40 of 3rd period - Snap shot by Ryan Murray.
2:40 of 3rd period - Shot Blocked by Zach Budish.
2:42 of 3rd period - Snap shot by Zack Smith.
2:42 of 3rd period - Shot Misses the Net.
2:44 of 3rd period - Snap shot by Zack Smith.
2:44 of 3rd period - Stopped by Marek Schwarz with a rebound.
2:46 of 3rd period - Wrist shot by Zack Smith.
2:46 of 3rd period - Shot Misses the Net.
2:48 of 3rd period - Snap shot by Sasha Pokulok.
2:48 of 3rd period - Shot Blocked by Zenon Konopka.
2:50 of 3rd period - Wrist shot by Nicolas Kerdiles.
2:50 of 3rd period - Goal by Nicolas Kerdiles - Carnivores : 6 - Patriotes : 3.
2:51 of 3rd period - Anton Gustafsson wins face-off versus Dave Steckel in neutral zone.
3:02 of 3rd period - Snap shot by Dave Steckel.
3:02 of 3rd period - Deflect By Brendan Gallagher.
3:02 of 3rd period - Stopped by Antti Raanta with a rebound.
3:04 of 3rd period - Wrist shot by Dave Steckel.
3:04 of 3rd period - Shot Blocked by Brendan Gallagher.
3:06 of 3rd period - Snap shot by Ryan Wilson.
3:06 of 3rd period - Deflect By Blake Geoffrion.
3:06 of 3rd period - Stopped by Antti Raanta with a rebound.
3:41 of 3rd period - Icing by Anthony Bitetto.
3:42 of 3rd period - Zenon Konopka wins face-off versus Zack Smith in Patriotes zone.
3:53 of 3rd period - Snap shot by Zenon Konopka.
3:53 of 3rd period - Stopped by Antti Raanta without a rebound.
3:54 of 3rd period - Anton Gustafsson wins face-off versus Dave Steckel in Carnivores zone.
3:59 of 3rd period - Timothy Kunes is hit by Sasha Pokulok and loses puck.
4:20 of 3rd period - Matt Calvert is hit by Ryan Murray and loses puck.
5:00 of 3rd period - Icing by Nate Schmidt.
5:01 of 3rd period - Markus Granlund wins face-off versus Jared Knight in Carnivores zone.
5:49 of 3rd period - Snap shot by Christian Hanson.
5:49 of 3rd period - Shot Blocked by Ryan Murray.
5:51 of 3rd period - Wrist shot by Lauri Tukonen.
5:51 of 3rd period - Shot Misses the Net.
5:53 of 3rd period - Snap shot by Lauri Tukonen.
5:53 of 3rd period - Shot Misses the Net.
6:11 of 3rd period - Slapshot by Justin Florek.
6:11 of 3rd period - Stopped by Antti Raanta without a rebound.
6:12 of 3rd period - Dave Steckel wins face-off versus Zack Smith in Carnivores zone.
6:15 of 3rd period - Slapshot by Andrew Gordon.
6:15 of 3rd period - Deflect By Dave Steckel.
6:15 of 3rd period - Shot Misses the Net.
6:15 of 3rd period - Puck is out of play.
6:16 of 3rd period - Dave Steckel wins face-off versus Anton Gustafsson in Carnivores zone.
6:16 of 3rd period - Dave Steckel is hit by Mat Clark.
6:28 of 3rd period - Slapshot by Mat Clark.
6:28 of 3rd period - Stopped by Marek Schwarz with a rebound.
6:30 of 3rd period - Slapshot by Adam Pelech.
6:30 of 3rd period - Deflect By Blake Geoffrion.
6:30 of 3rd period - Shot Misses the Net.
6:30 of 3rd period - Puck is out of play.
6:31 of 3rd period - Scott Laughton wins face-off versus Lauri Tukonen in Patriotes zone.
7:14 of 3rd period - Off-side.
7:15 of 3rd period - Zenon Konopka wins face-off versus Zack Smith in neutral zone.
7:20 of 3rd period - Snap shot by Zenon Konopka.
7:20 of 3rd period - Stopped by Antti Raanta with a rebound.
7:22 of 3rd period - Snap shot by Timothy Kunes.
7:22 of 3rd period - Deflect By Jeremy Williams.
7:22 of 3rd period - Stopped by Antti Raanta without a rebound.
7:23 of 3rd period - Dave Steckel wins face-off versus Anton Gustafsson in Carnivores zone.
7:29 of 3rd period - Minor Penalty to Mat Clark for Cross-checking.
7:30 of 3rd period - Anton Gustafsson wins face-off versus Fedor Fedorov in Carnivores zone.
8:10 of 3rd period - Slapshot by Jeremy Williams.
8:10 of 3rd period - Shot Blocked by Ryan Wilson.
8:12 of 3rd period - Slapshot by Sasha Pokulok.
8:12 of 3rd period - Shot Blocked by Christian Hanson.
8:14 of 3rd period - Snap shot by Jeremy Williams.
8:14 of 3rd period - Shot Misses the Net.
9:29 of 3rd period - Penalty to Mat Clark is over, Mat Clark is back on ice.
9:33 of 3rd period - Anton Gustafsson is hit by Justin Florek and loses puck.
9:42 of 3rd period - Snap shot by Mat Clark.
9:42 of 3rd period - Stopped by Marek Schwarz with a rebound.
9:54 of 3rd period - Slapshot by Anton Gustafsson.
9:54 of 3rd period - Shot Misses the Net.
10:18 of 3rd period - Slapshot by Mat Clark.
10:18 of 3rd period - Shot Blocked by Zach Budish.
10:51 of 3rd period - Wrist shot by Zenon Konopka.
10:51 of 3rd period - Stopped by Antti Raanta without a rebound.
10:52 of 3rd period - Scott Laughton wins face-off versus Dave Steckel in Carnivores zone.
11:05 of 3rd period - Wrist shot by Chris Lawrence.
11:05 of 3rd period - Stopped by Marek Schwarz with a rebound.
11:17 of 3rd period - Nicolas Kerdiles is hit by Christian Hanson and loses puck.
11:43 of 3rd period - Icing by Nate Schmidt.
11:44 of 3rd period - Dave Steckel wins face-off versus Markus Granlund in Carnivores zone.
11:51 of 3rd period - Wrist shot by Dave Steckel.
11:51 of 3rd period - Shot Misses the Net.
12:08 of 3rd period - Minor Penalty to Fedor Fedorov for Roughing.
12:09 of 3rd period - Dave Steckel wins face-off versus Scott Laughton in Patriotes zone.
12:15 of 3rd period - Minor Penalty to Jeremy Welsh for Hooking.
12:16 of 3rd period - Dave Steckel wins face-off versus Anton Gustafsson in Carnivores zone.
12:17 of 3rd period - Snap shot by Ryan Wilson.
12:17 of 3rd period - Shot Misses the Net.
12:27 of 3rd period - Slapshot by Ryan Wilson.
12:27 of 3rd period - Stopped by Antti Raanta with a rebound.
14:06 of 3rd period - Justin Florek is hit by Bobby Sanguinetti and loses puck.
14:08 of 3rd period - Penalty to Fedor Fedorov is over, Fedor Fedorov is back on ice.
14:11 of 3rd period - Slapshot by Blake Geoffrion.
14:11 of 3rd period - Stopped by Marek Schwarz with a rebound.
14:15 of 3rd period - Penalty to Jeremy Welsh is over, Jeremy Welsh is back on ice.
14:17 of 3rd period - Snap shot by Jeremy Welsh.
14:17 of 3rd period - Shot Misses the Net.
14:19 of 3rd period - Slapshot by Blake Geoffrion.
14:19 of 3rd period - Shot Misses the Net.
14:21 of 3rd period - Snap shot by Blake Geoffrion.
14:21 of 3rd period - Deflect By Scott Laughton.
14:21 of 3rd period - Shot Misses the Net.
14:21 of 3rd period - Puck is out of play.
14:22 of 3rd period - Zack Smith wins face-off versus Christian Hanson in Patriotes zone.
14:47 of 3rd period - Scott Laughton is hit by Alex Petrovic and loses puck.
15:08 of 3rd period - Wrist shot by Andrew Gordon.
15:08 of 3rd period - Stopped by Antti Raanta without a rebound.
15:09 of 3rd period - Dave Steckel wins face-off versus Anton Gustafsson in Carnivores zone.
15:16 of 3rd period - Sasha Pokulok is hit by Fedor Fedorov and loses puck.
15:21 of 3rd period - Snap shot by Andrew Gordon.
15:21 of 3rd period - Shot Misses the Net.
16:07 of 3rd period - Backhand shot by Ryan Wilson.
16:07 of 3rd period - Goal by Ryan Wilson - Carnivores : 6 - Patriotes : 4.
16:08 of 3rd period - Zach Budish wins face-off versus Zack Smith in neutral zone.
16:18 of 3rd period - Off-side.
16:19 of 3rd period - Zack Smith wins face-off versus Zenon Konopka in neutral zone.
16:31 of 3rd period - Snap shot by Zenon Konopka.
16:31 of 3rd period - Stopped by Antti Raanta without a rebound.
16:32 of 3rd period - Dave Steckel wins face-off versus Zack Smith in Carnivores zone.
16:43 of 3rd period - Wrist shot by Fedor Fedorov.
16:43 of 3rd period - Shot Misses the Net.
16:57 of 3rd period - Brendan Gallagher is hit by Zenon Konopka and loses puck.
17:24 of 3rd period - Markus Granlund is hit by David Kolomatis and loses puck.
17:39 of 3rd period - Slapshot by Dave Steckel.
17:39 of 3rd period - Stopped by Antti Raanta with a rebound.
17:41 of 3rd period - Snap shot by Alex Petrovic.
17:41 of 3rd period - Stopped by Antti Raanta without a rebound.
17:41 of 3rd period - Minor Penalty to Antti Raanta for Slashing.
17:42 of 3rd period - Dave Steckel wins face-off versus Brendan Gallagher in Carnivores zone.
17:49 of 3rd period - Slapshot by Ryan Wilson.
17:49 of 3rd period - Stopped by Antti Raanta with a rebound.
18:56 of 3rd period - Icing by Anthony Bitetto.
18:57 of 3rd period - Anton Gustafsson wins face-off versus Christian Hanson in Patriotes zone.
19:41 of 3rd period - Penalty to Colton Orr is over, Colton Orr is back on ice.
19:48 of 3rd period - Slapshot by Jeremy Williams.
19:48 of 3rd period - Stopped by Marek Schwarz with a rebound.
19:50 of 3rd period - Wrist shot by Blake Geoffrion.
19:50 of 3rd period - Shot Misses the Net.
Goals for this period are 1 for Carnivores vs 1 for Patriotes.
Shots for this period are 9 for Carnivores vs 16 for Patriotes.
Back to the Top